 Dungeon Crawl Stone Soup version 0.31.0-9-g3a7656b989 (webtiles) character file.

Game seed: 1948864205573173766

412 qw the Skirmisher (level 6, 0/35 HPs)
             Began as a Deep Elf Hunter on Feb 2, 2024.
             Succumbed to an adder's poison
             ... on level 4 of the Dungeon.
             The game lasted 00:00:14 (3046 turns).

qw the Skirmisher (Deep Elf Hunter)                 Turns: 3046, Time: 00:00:14

Health: 0/35       AC:  6    Str: 13    XL:     6   Next: 59%
Magic:  8/8        EV: 12    Int: 18    God:
Gold:   1276       SH:  0    Dex: 19    Spells: 5/5 levels left

rFire   . . .        a - +1 shortbow
rCold   . . .        (shield currently unavailable)
rNeg    . . .        b - +0 ring mail
rPois   .            (no helmet)
rElec   .            h - +0 cloak
rCorr   .            (no gloves)
SInv    .            (no boots)
Will    .....        (no amulet)
Stlth   +            j - +6 ring of strength
HPRegen 0.25/turn    (no ring)
MPRegen 0.11/turn

%: no passive effects
@: lethally poisoned (0 -> -1)
A: clever 1, devolution 1
a: no special abilities


You were on level 4 of the Dungeon.
You visited 1 branch of the dungeon, and saw 4 of its levels.

You collected 1276 gold pieces.


Innate Abilities, Weirdness & Mutations

Your mind is acute. (Int +4, Str/Dex -1)
You have hidden genetic defects.


   Skills:
 - Level 2.2 Fighting
 + Level 9.9 Ranged Weapons
 - Level 3.0 Dodging
 - Level 1.2 Stealth


You had 5 spell levels left.
You didn't know any spells.
Your spell library was empty.

Inventory:

Hand Weapons
 a - a +1 shortbow (weapon)
Armour
 b - a +0 ring mail (worn)
 h - a +0 cloak (worn)
Jewellery
 j - a +6 ring of strength (left hand)
Wands
 c - a wand of polymorph (14)
Potions
 e - a potion of cancellation
 g - a potion of curing
 i - a potion of attraction {unknown}
 n - a potion of lignification {unknown}

Dungeon Overview and Level Annotations

Branches:
Dungeon (4/15)
 Temple: D:4-7

Altars:
Fedhas
Trog
Vehumet

Annotations:
D:4 1 runed translucent door, Crazy Yiuf


Message History

Enter note:
Enter note:
Enter note:
3036 ||| RETREEEEATING.
The gnoll sergeant attacks as it pursues you!
The gnoll sergeant hits you from afar with a +0 spear!
3037 ||| DRINKING potion of heal wounds.
You feel much better. The gnoll sergeant misses you.
3038 ||| RETREEEEATING.
Enter note:
Enter note:
3039 ||| RETREEEEATING.
Enter note:
Enter note:
Enter note:
Enter note:
3040 ||| RETREEEEATING.
The adder attacks as it pursues you! The adder bites you.
You are poisoned.
The adder poisons you!
Enter note:
Enter note:
3041 ||| RETREEEEATING.
You feel sick.
You shoot an arrow. The arrow barely misses the adder.
You feel sick.
The adder bites you but does no damage. x2
You shoot an arrow. The arrow barely misses the adder.
You feel sick. The adder closely misses you.
You shoot an arrow. The arrow closely misses the adder.
You feel sick.
The gnoll sergeant hits you from afar with a +0 spear!
The adder barely misses you.
You shoot an arrow. The arrow closely misses the adder.
You feel sick. The adder closely misses you.
The gnoll sergeant hits you from afar with a +0 spear!
The adder bites you but does no damage.
You shoot an arrow. The arrow closely misses the adder.
The frilled lizard hisses angrily.
You die...

####.......# ##..#
#.##....# #..##
#..##..#.# #.## #.
#..#### ### # #..#
#. #..# ##. ##%.##
## #..#
##gS..###l#.
#.####
#...###..#@...#.#.
#~#..##
#..gg.##.####.#.
#.... ##o.####.#
b~. #.... #g.# #.#
#~# #..#. #...#.#
#.. .# ##...
###..g.o #.# ###.
#.#.##g).. #.
#.#.. #.. #. #.###
. ##


You could see a gnoll sergeant, an adder and a frilled lizard.

Vanquished Creatures
  A phantom (D:4)
  2 scorpions (D:4)
  A hound (D:4)
  A bombardier beetle (D:4)
  An orc priest (D:2)
  A gnoll (D:4)
  5 adders
  5 dart slugs
  6 orcs
  4 ball pythons
  4 bats
  7 endoplasms
  4 giant cockroaches
  3 goblins
  5 hobgoblins
  4 jackals
  5 quokkas
  2 frilled lizards (D:1)
  5 kobolds
  6 rats
72 creatures vanquished.

Notes
Turn   | Place    | Note
-------+----------+-------------------------------------------
     0 | D:1      | qw the Deep Elf Hunter began the quest for the Orb.
     0 | D:1      | Reached XP level 1. HP: 12/12 MP: 3/3
     0 | D:1      | 0 ||| qw: Version: 0.3-a-155-g5e7d8dd
     0 | D:1      | 0 ||| qw: Game counter: 2165
     0 | D:1      | 0 ||| qw: Melee chars always use a shield: true
     0 | D:1      | 0 ||| qw: God list: Okawaru
     0 | D:1      | 0 ||| qw: Allow faded altars: false
     0 | D:1      | 0 ||| qw: Do Orc after clearing Dungeon:15 true
     0 | D:1      | 0 ||| qw: Do second Lair branch before Depths: true
     0 | D:1      | 0 ||| qw: Lair rune preference: random
     0 | D:1      | 0 ||| qw: Goals: Normal
     0 | D:1      | 0 ||| PLANNING D:1-11
   100 | D:1      | Reached skill level 6 in Ranged Weapons
   100 | D:1      | Reached XP level 2. HP: 16/16 MP: 4/4
   269 | D:1      | Found a faded altar of an unknown god.
   610 | D:1      | 610 ||| UPGRADING to +6 ring of strength.
   611 | D:1      | 611 ||| READING scroll labelled MIPOYH HOIKHA.
   612 | D:1      | 612 ||| READING scroll labelled RUECVALAONN.
   612 | D:1      | 612 ||| ENCHANTING +0 shortbow.
   613 | D:1      | 613 ||| READING scroll labelled MIRISKEPENK.
   618 | D:1      | 618 ||| READING scroll labelled DANIUF NOCLUHI.
   618 | D:1      | 618 ||| ENCHANTING +1 shortbow.
   619 | D:1      | 619 ||| READING scroll labelled PEWI FIAMUTSI.
   720 | D:1      | 720 ||| DRINKING 2 fuming golden potions.
   721 | D:1      | 721 ||| DROPPING scroll of butterflies.
   796 | D:2      | HP: 3/16 [poisoned by an adder]
   797 | D:2      | Reached XP level 3. HP: 4/20 MP: 5/5
   797 | D:2      | 797 ||| DRINKING potion of curing.
   797 | D:2      | 797 ||| (to cure poison)
  1058 | D:2      | 1058 ||| FLEEEEING.
  1059 | D:2      | 1059 ||| FLEEEEING.
  1061 | D:2      | 1061 ||| FLEEEEING.
  1063 | D:2      | 1063 ||| FLEEEEING.
  1064 | D:2      | 1064 ||| FLEEEEING.
  1065 | D:2      | 1065 ||| FLEEEEING.
  1066 | D:2      | 1066 ||| FLEEEEING.
  1067 | D:2      | 1067 ||| FLEEEEING.
  1068 | D:2      | 1068 ||| FLEEEEING.
  1069 | D:2      | 1069 ||| FLEEEEING.
  1070 | D:2      | 1070 ||| FLEEEEING.
  1080 | D:2      | Reached skill level 7 in Ranged Weapons
  1080 | D:2      | Reached XP level 4. HP: 14/25 MP: 6/6
  1534 | D:2      | 1534 ||| UPGRADING to +0 cloak.
  1539 | D:2      | 1539 ||| READING scroll labelled TYNOKA FOUMP.
  1539 | D:2      | Identified a scroll of acquirement
  1539 | D:2      | 1539 ||| ACQUIRING 1064 gold pieces
  1539 | D:2      | Acquired 1064 gold pieces
  1541 | D:2      | 1541 ||| READING scroll labelled PEROEH RODGH.
  1542 | D:2      | 1542 ||| READING 2 scrolls labelled IRUEWU KUGAEC.
  1542 | D:2      | 1542 ||| IDENTIFYING inky potion
  1543 | D:2      | 1543 ||| READING scroll of identify.
  1543 | D:2      | 1543 ||| IDENTIFYING sedimented blue potion
  1544 | D:2      | 1544 ||| READING scroll labelled BEIGAQ CAN WOIB.
  1545 | D:2      | 1545 ||| READING scroll labelled XAS EHENUCE.
  1546 | D:2      | 1546 ||| DROPPING potion of invisibility.
  1548 | D:2      | 1548 ||| Stepping ~*~*~tactically~*~*~ (cloud).
  1553 | D:2      | HP: 6/25 [poisoned by you (poison gas)]
  1662 | D:3      | Reached skill level 8 in Ranged Weapons
  1663 | D:3      | 1663 ||| STAIRDANCE
  1679 | D:3      | 1679 ||| STAIRDANCE
  1968 | D:3      | Reached skill level 3 in Dodging
  1968 | D:3      | Found a blossoming altar of Fedhas.
  2025 | D:3      | Reached XP level 5. HP: 29/29 MP: 7/7
  2025 | D:3      | Found a radiant altar of Vehumet.
  2029 | D:3      | Found a bloodstained altar of Trog.
  2343 | D:3      | 2343 ||| UPGRADING to +0 ring mail.
  2353 | D:3      | 2353 ||| DROPPING +0 leather armour.
  2354 | D:3      | 2354 ||| READING scroll of identify.
  2354 | D:3      | 2354 ||| IDENTIFYING fuming inky potion
  2355 | D:3      | 2355 ||| READING scroll labelled HAERAE IREOKUFUZOE.
  2408 | D:3      | 2408 ||| READING scroll labelled WAORIX FIC TUF.
  2509 | D:3      | 2509 ||| DRINKING 3 bubbling black potions.
  2509 | D:3      | Gained mutation: You are strong-willed. (Will+) [potion of
                  | mutation]
  2509 | D:3      | Gained mutation: You are frail. (-10% HP) [potion of
                  | mutation]
  2509 | D:3      | Gained mutation: You have a pair of small horns on your
                  | head. [potion of mutation]
  2510 | D:3      | 2510 ||| DRINKING 2 potions of mutation.
  2510 | D:3      | Lost mutation: You are frail. (-10% HP) [potion of
                  | mutation]
  2510 | D:3      | Lost mutation: You have a pair of small horns on your head.
                  | [potion of mutation]
  2510 | D:3      | Gained mutation: You sometimes lose your temper in combat.
                  | [potion of mutation]
  2510 | D:3      | Gained mutation: You passively map a small area around you.
                  | [potion of mutation]
  2520 | D:3      | 2520 ||| DRINKING potion of mutation.
  2520 | D:3      | Lost mutation: You passively map a small area around you.
                  | [potion of mutation]
  2520 | D:3      | Lost mutation: You are strong-willed. (Will+) [potion of
                  | mutation]
  2520 | D:3      | Gained mutation: Your magical capacity is low. (-10% MP)
                  | [potion of mutation]
  2520 | D:3      | Gained mutation: Your mind is acute. (Int +4, Str/Dex -1)
                  | [potion of mutation]
  2620 | D:4      | Reached skill level 9 in Ranged Weapons
  2620 | D:4      | Reached XP level 6. HP: 16/34 MP: 7/7
  2757 | D:4      | Found a runed translucent door.
  2758 | D:4      | Noticed Crazy Yiuf
  3010 | D:4      | 3010 ||| DRINKING potion of mutation.
  3010 | D:4      | Lost mutation: Your magical capacity is low. (-10% MP)
                  | [potion of mutation]
  3010 | D:4      | Lost mutation: You sometimes lose your temper in combat.
                  | [potion of mutation]
  3010 | D:4      | Gained mutation: You have hidden genetic defects. [potion
                  | of mutation]
  3034 | D:4      | 3034 ||| RETREEEEATING.
  3036 | D:4      | 3036 ||| RETREEEEATING.
  3036 | D:4      | HP: 7/35 [gnoll sergeant/+0 spear (9)]
  3037 | D:4      | 3037 ||| DRINKING potion of heal wounds.
  3038 | D:4      | 3038 ||| RETREEEEATING.
  3039 | D:4      | 3039 ||| RETREEEEATING.
  3040 | D:4      | 3040 ||| RETREEEEATING.
  3041 | D:4      | 3041 ||| RETREEEEATING.
  3045 | D:4      | HP: 1/35 [gnoll sergeant/+0 spear (8)]
  3046 | D:4      | Succumbed to an adder's poison

Levels and vault maps discovered:
D:1:      ebering_hopf_link, layout_basic, ebering_ecumenical_altar_rust,
          minmay_door_square
D:2:      cheibrodos_pilgrimage, layout_basic
D:3:      layout_loops_cross, grunt_temple_overflow_open
D:4:      layout_rooms, serial_aquarium, aquarium_bridge_square
          [aquarium_subvault_balcony, aquarium_subvault_bridge,
          aquarium_subvault_window, aquarium_subvault_bridge],
          aquarium_window_2, aquarium_window_corner, aquarium_window_2,
          aquarium_window_3, aquarium_view_2c, aquarium_balcony_1b,
          uniq_crazy_yiuf_cottage

Skill      XL: |  1  2  3  4  5  6 |
---------------+-------------------+-----
Ranged Weapons | 6 7 8 9 |  9.9
Dodging        | 3 |  3.0
Fighting       | 2 |  2.2
Stealth        | |  1.2

Action                     |  1- 3 |  4- 6 || total
---------------------------+-------+-------++-------
   Fire: Shortbow          |    65 |   162 ||   227
    Use: Scroll            |     5 |     9 ||    14
         Potion            |     2 |     5 ||     7
 Armour: Leather armour    |    12 |    16 ||    28
         Ring mail         |       |    23 ||    23
  Dodge: Dodged            |    13 |    52 ||    65

Table legend:
 A = Non-vault XP
 B = Vault XP
 C = Vault XP percentage of total XP
 D = Non-vault monster count
 E = Vault monster count
 F = Vault count percentage of total count
                 A         B        C        D         E       F
            +---------+---------+-------+---------+---------+-------
      Total |     542 |      47 |   8.0 |      69 |       3 |   4.2
            +---------+---------+-------+---------+---------+-------
        D:1 |      31 |       0 |   0.0 |      19 |       0 |   0.0
        D:2 |      79 |      47 |  37.3 |      23 |       3 |  11.5
        D:3 |      44 |       0 |   0.0 |      14 |       0 |   0.0
        D:4 |     388 |       0 |   0.0 |      13 |       0 |   0.0
            +---------+---------+-------+---------+---------+-------
